Map: Jagannatha LE

Players

FLORENCIO - Winner!

  • Race: Terran Terran
  • Spawn Location: 1:00

IllusiveMan

  • Race: Protoss Protoss
  • League: Silver
  • Spawn Location: 7:00

VOD

Have the link to the VOD?

Description

Time

  • Played on: Jan. 15, 2021, 2:31 p.m.
  • Length: 35:09
Show
View Real Time Build Order
Export as new Build Order

FLORENCIO Terran - Winner!

Build Orders:  

Get SALT Encoding   

  12  0:01  SCV  
  13  0:13  SCV  
  14  0:25  SCV  
  14  0:26  Supply Depot  
  15  0:44  Refinery  
  15  0:48  SCV  
  16  0:56  Barracks  
  16  1:00  SCV  
  17  1:12  SCV  
  18  1:24  SCV  
  19  1:36  SCV  
  20  1:46  Reaper  
  21  1:48  SCV, Supply Depot  
  21  1:50  Refinery  
  22  2:01  SCV  
  23  2:21  Reaper  
  24  2:28  SCV  
  25  2:40  SCV  
  26  2:46  Barracks  
  26  2:47  Barracks  
  26  2:52  SCV  
  26  2:53  Barracks  
  27  3:20  Barracks Tech Lab  
  27  3:26  Bunker  
  26  3:39  Barracks Reactor x2  
  26  3:47  Supply Depot  
  26  3:48  Supply Depot  
  26  3:49  Supply Depot  
  26  3:50  Barracks Reactor  
  26  4:10  Marine  
  27  4:18  Marine  
  27  4:19  Marine x3  
  31  4:28  Marine  
  32  4:32  Marine x2, Supply Depot  
  32  4:36  Marine x3  
  32  4:37  Marine  
  38  4:46  Marine  
  38  4:49  Supply Depot  
  38  4:50  Marine x2  
  41  4:54  Marine x4  
  41  4:55  Supply Depot  
  45  5:00  Stimpack  
  45  5:04  Marine  
  46  5:08  Marine x2  
  46  5:12  Marine  
  49  5:22  Marine  
  49  5:26  Marine  
  49  5:27  Marine x4  
  55  5:30  Marine  
  56  5:39  Marine  
  57  5:44  Marine x3  
  57  5:45  Marine x2  
  57  5:47  Marine  
  63  5:57  Marine  
  63  6:02  Marine x4  
  67  6:17  Marine x3  
  69  6:20  Marine x4  
  69  6:35  Marine x3  
  69  6:38  Marine x4  
  4  8:26  Reaper x2  
  6  8:29  Reaper  
  3  8:58  Reaper x2  
  3  9:01  Reaper  
  3  10:15  SCV  
  4  10:28  SCV  
  5  11:18  SCV  
  6  11:31  SCV  
  7  11:43  SCV  
  3  21:53  SCV  
  4  22:05  SCV  
  5  22:18  SCV  
  6  22:42  SCV  
  6  23:15  Orbital Command  
  6  23:46  Refinery  
  6  23:54  SCV  
  5  24:28  Orbital Command  
  4  24:55  SCV  
  5  25:03  Orbital Command  
  2  25:33  SCV  
  2  26:45  SCV  
  3  27:12  SCV  
  4  27:35  Factory  
  4  28:26  Starport  
  4  29:05  Starport Tech Lab  
  4  29:32  Banshee  
  7  29:46  SCV  
  8  29:58  SCV  
  9  30:46  Banshee  
  12  31:29  Banshee  
  10  33:08  Orbital Command  
  10  33:26  Orbital Command  
  10  34:03  SCV  
  11  34:39  SCV  
Show
View Real Time Build Order
Export as new Build Order

IllusiveMan Protoss 

Build Orders: 1 Gate Expand 

Get SALT Encoding   

  12  0:01  Probe  
  13  0:16  Pylon  
  13  0:19  Probe  
  14  0:31  Probe (Chrono Boost)  
  15  0:37  Assimilator  
  16  0:42  Probe (Chrono Boost)  
  16  0:53  Gateway  
  16  0:57  Probe  
  17  1:09  Probe  
  18  1:21  Probe  
  18  1:24  Assimilator  
  19  1:33  Probe  
  20  1:41  Nexus  
  20  1:58  Cybernetics Core  
  20  2:01  Pylon  
  20  2:13  Zealot  
  21  2:23  Gateway  
  21  2:40  Adept (Chrono Boost)  
  23  2:45  Probe  
  24  2:57  Probe  
  25  3:07  Adept (Chrono Boost)  
  25  3:09  Probe  
  28  3:21  Probe  
  29  3:31  Nexus  
  29  3:33  Probe  
  30  3:40  Pylon  
  30  3:45  Warp Gate, Probe  
  31  3:52  Twilight Council  
  31  3:57  Pylon  
  31  4:24  Probe (Chrono Boost)  
  32  4:34  Probe (Chrono Boost)  
  32  4:37  Dark Shrine  
  33  4:39  Probe (Chrono Boost)  
  33  4:43  Probe (Chrono Boost)  
  35  4:51  Probe (Chrono Boost)  
  37  4:53  Probe (Chrono Boost)  
  37  4:56  Probe (Chrono Boost)  
  37  4:58  Gateway, Probe (Chrono Boost)  
  38  5:01  Gateway  
  38  5:04  Probe  
  40  5:09  Probe  
  40  5:11  Gateway  
  41  5:15  Pylon  
  41  5:16  Probe  
  41  5:20  Assimilator  
  42  5:21  Probe  
  42  5:22  Assimilator  
  43  5:38  Zealot x2  
  45  5:46  Pylon  
  45  5:55  Forge  
  45  5:57  Stalker x2  
  47  6:03  Stalker x2  
  53  6:12  Dark Templar  
  55  6:20  Dark Templar x2  
  57  6:28  Stalker x2  
  55  6:53  Adept x3  
  49  7:14  Stalker  
  51  7:15  Dark Templar  
  8  7:45  Probe (Chrono Boost)  
  9  7:56  Probe (Chrono Boost)  
  10  8:01  Probe (Chrono Boost)  
  11  8:11  Probe (Chrono Boost)  
  12  8:23  Probe (Chrono Boost)  
  13  8:27  Probe (Chrono Boost)  
  13  8:31  Nexus  
  14  8:38  Probe  
  15  8:43  Pylon  
  15  8:50  Probe  
  16  9:02  Probe (Chrono Boost)  
  17  9:13  Probe (Chrono Boost)  
  18  9:18  Probe (Chrono Boost)  
  19  9:28  Probe  
  15  9:40  Probe  
  9  10:33  Probe (Chrono Boost)  
  11  10:43  Probe (Chrono Boost)  
  11  10:48  Probe (Chrono Boost)  
  8  11:21  Probe  
Tags
 
League
Silver
Matchup
PvT
Spawn Locations
Cross Positions
Add a new tag
Caveats
  • Supply blocks, unpowered buildings, or Contaminate may cause inaccurate times.
  • Supply counts are checked every 10 seconds.